 Dungeon Crawl Stone Soup version 0.25-a0-290-g4a1327ee3a (webtiles) character file.

Game seed: 3435446954651400590, levelgen mode: deterministic

23 floatRand the Shield-Bearer (level 2, -2/29 HPs)
             Began as a Gnoll Fighter on Dec 14, 2019.
             Killed from afar by Terence (10 damage)
             ... with a puff of flame
             ... on level 2 of the Dungeon.
             The game lasted 00:00:34 (1161 turns).

floatRand the Shield-Bearer (Gnoll Fighter)         Turns: 1161, Time: 00:00:35

Health: -2/29      AC:  7    Str: 18    XL:     2   Next: 95%
Magic:  2/2        EV:  8    Int: 10    God:
Gold:   88         SH: 10    Dex: 14    Spells: 2/2 levels left

rFire    . . .     SeeInvis .   a - +0 long sword
rCold    . . .     Gourm    .   c - +0 shield
rNeg     . . .     Faith    .   b - +0 scale mail
rPois    +         Spirit   .   (no helmet)
rElec    .         Reflect  .   (no cloak)
rCorr    .         Harm     .   (no gloves)
MR       .....                  (no boots)
Stlth    ..........             (no amulet)
HPRegen  0.09/turn              i - ring of poison resistance
MPRegen  0.08/turn              (no ring)

@: no status effects
A: distributed training, fangs 1, strong nose
a: no special abilities


You were on level 2 of the Dungeon.
You were not hungry.

You visited 1 branch of the dungeon, and saw 2 of its levels.

You collected 88 gold pieces.

Inventory:

Hand Weapons
 a - a +0 long sword (weapon)
Armour
 b - a +0 scale mail (worn)
 c - a +0 shield (worn)
Jewellery
 i - a ring of poison resistance (left hand)
 l - an uncursed amulet of harm {unknown}
 m - a +1 ring of protection {unknown}
Scrolls
 e - 4 scrolls of teleportation {unknown}
 g - 2 scrolls of fog {unknown}
 j - 2 scrolls of identify {unknown}
Potions
 d - a potion of might
 h - 2 potions of flight {unknown}
 k - a potion of haste {unknown}
 n - a potion of degeneration {unknown}
 p - a potion of heal wounds {unknown}
Comestibles
 f - 3 rations
 o - 2 chunks of flesh


   Skills:
 + Level 6.5 Fighting
 + Level 0.5 Short Blades
 + Level 4.5 Long Blades
 + Level 0.5 Axes
 + Level 0.5 Maces & Flails
 + Level 0.5 Polearms
 + Level 0.5 Staves
 + Level 0.5 Slings
 + Level 0.5 Bows
 + Level 0.5 Crossbows
 + Level 0.5 Throwing
 + Level 6.5 Armour
 + Level 0.5 Dodging
 + Level 0.5 Stealth
 + Level 6.5 Shields
 + Level 0.5 Unarmed Combat
 + Level 0.5 Spellcasting
 + Level 0.4 Conjurations
 + Level 0.4 Hexes
 + Level 0.4 Charms
 + Level 0.4 Summonings
 + Level 0.4 Necromancy
 + Level 0.4 Translocations
 + Level 0.4 Transmutations
 + Level 0.4 Fire Magic
 + Level 0.4 Ice Magic
 + Level 0.4 Air Magic
 + Level 0.4 Earth Magic
 + Level 0.4 Poison Magic
 + Level 0.7 Invocations
 + Level 0.5 Evocations


You had 2 spell levels left.
You didn't know any spells.
Your spell library was empty.

Dungeon Overview and Level Annotations

Branches:
Dungeon (2/15)

Altars:
Zin

Annotations:
D:2 Terence


Innate Abilities, Weirdness & Mutations

Your experience applies equally to all skills.
You have very sharp teeth.
Your uncanny sense of smell can sniff out nearby items.


Message History

You block the bat's attack. The bat hits you but does no damage.
You block the bat's attack. The bat hits you but does no damage.
Terence zaps a wand.
The puff of flame hits you. The bat hits you but does no damage.
The bat hits you but does no damage.
There is an open door here.
You block the bat's attack. The bat barely misses you.
You riposte.
You hit the bat.
You kill the bat!
The bat hits you but does no damage. You block the bat's attack.
The bat hits you but does no damage.
You open the door. You block the bat's attack. The bat barely misses you.
You riposte.
You hit the bat.
You kill the bat!
Found a glowing silver altar of Zin.
Terence zaps a wand.
You block the puff of flame.
Terence zaps a wand.
The puff of flame hits you!
* * * LOW HITPOINT WARNING * * *
You open the door.
Terence zaps a wand.
The puff of flame hits you!
You die...

#####.......#.##._.##...#
∆ #.......'†.##'##....#
#.#######.g†......... #.#
#@8.....8.... #.#
#...8.8...... #.
#.........### #.#.......#
#.##......####
#.##@........#
#..'.........#
#..#.........#
#..#.........+
#..#......†..#
####....##......#
.........##......#
#.###.#..##......## ###
∆.........#.....#####..


You could see Terence and a hobgoblin.

Vanquished Creatures
  An ooze (D:1)
  A dart slug (D:2)
  A giant cockroach (D:1)
  3 hobgoblins (D:1)
  A kobold (D:1)
  4 bats
  3 goblins (D:1)
  2 rats
16 creatures vanquished.

Notes
Turn   | Place    | Note
-------+----------+-------------------------------------------
     0 | D:1      | floatRand the Gnoll Fighter began the quest for the Orb.
     0 | D:1      | Reached XP level 1. HP: 23/23 MP: 1/1
   389 | D:1      | Reached XP level 2. HP: 29/29 MP: 2/2
  1137 | D:2      | Noticed Terence
  1154 | D:2      | Found a glowing silver altar of Zin.
  1161 | D:2      | Killed from afar by Terence

Levels and vault maps discovered:
D:1:      wheals_arrival_linesprint, layout_basic, minmay_misc_feat_hallway
D:2:      minmay_chambers_of_ones, layout_basic, zin_statuary,
          nemelex_xobeh_ov_fountains_minmay,
          chequers_ecumenical_altar_simple_redux, serial_glass, glass_columns_a,
          glass_columns_a, glass_columns_c, uniq_terence

Action                   || total
-------------------------++-------
Melee: Long sword        ||    38
       Bite              ||     4
  Eat: Chunk             ||     1
Armor: Scale mail        ||    30
Dodge: Dodged            ||    20
Block: Shield            ||    40
       Rpst.: Long sword ||     5

Table legend:
 A = Non-vault XP
 B = Vault XP
 C = Vault XP percentage of total XP
 D = Non-vault monster count
 E = Vault monster count
 F = Vault count percentage of total count
                 A         B        C        D         E       F
            +---------+---------+-------+---------+---------+-------
      Total |      33 |       0 |   0.0 |      16 |       0 |   0.0
            +---------+---------+-------+---------+---------+-------
        D:1 |      24 |       0 |   0.0 |      11 |       0 |   0.0
        D:2 |       9 |       0 |   0.0 |       5 |       0 |   0.0
            +---------+---------+-------+---------+---------+-------
